TOP OF THE 1ST |
Richland Rails batting - Pitching for Mercer Island Screaming Eagles : RHP Victor Lustig
|
Pitching: RHP Victor Lustig
|
|
Batting: RHB Christian Gentry
|
0-0: Called Strike 0-1: Called Strike 0-2: SINGLE (Groundball, 34D)
|
Batting: LHB Alistair Mix
|
0-0: Called Strike 0-1: Ball 1-1: Ball 2-1: Ball 3-1: Called Strike 3-2: Foul Ball, location: 2F 3-2: Foul Ball, location: 2F 3-2: Strikes out swinging
|
Batting: RHB Alexandre Keeping
|
0-0: Called Strike 0-1: Ball 1-1: Called Strike 1-2: Foul Ball, location: 2F 1-2: Strikes out looking
|
Batting: RHB Scott Ramsey
|
0-0: Ball 1-0: Ball 2-0: Called Strike 2-1: Fly out, F8 (Flyball, 8LS)
|
Top of the 1st over - 0 runs, 1 hit, 0 errors, 1 left on base; Richland 0 - Mercer Island 0 |
BOTTOM OF THE 1ST |
Mercer Island Screaming Eagles batting - Pitching for Richland Rails : RHP Paco Manuel
|
Pitching: RHP Paco Manuel
|
|
Batting: LHB Jacob Herman
|
0-0: Ball 1-0: Ball 2-0: Fly out, F4 (Popup, 4M)
|
Batting: RHB Jeffery Campbell
|
0-0: Called Strike 0-1: Ball 1-1: Ground out 5-3 (Groundball, 5)
|
Batting: RHB Logan Cole
|
0-0: Ball 1-0: Ball 2-0: Ball 3-0: Base on Balls
|
Batting: SHB Ray Davis
|
0-0: Ball 1-0: Ball 2-0: Foul Ball, location: 2F 2-1: Fielders Choice at 2nd, 6-4 (Groundball, 6)
|
Bottom of the 1st over - 0 runs, 0 hits, 0 errors, 1 left on base; Richland 0 - Mercer Island 0 |
TOP OF THE 2ND |
Richland Rails batting - Pitching for Mercer Island Screaming Eagles : RHP Victor Lustig
|
Batting: SHB Jorge Colón
|
0-0: Ground out U3 (Groundball, 34)
|
Batting: LHB Orlando Casillas
|
0-0: Swinging Strike 0-1: Ball 1-1: Ball 2-1: Ground out 5-3 (Groundball, 5)
|
Batting: RHB Leon Carlisle
|
0-0: Reached on error, E5 (Groundball, 5)
|
Batting: RHB Michael Bradshaw
|
0-0: Called Strike 0-1: Ball 1-1: Foul Ball, location: 2F 1-2: Strikes out swinging
|
Top of the 2nd over - 0 runs, 0 hits, 1 error, 1 left on base; Richland 0 - Mercer Island 0 |
BOTTOM OF THE 2ND |
Mercer Island Screaming Eagles batting - Pitching for Richland Rails : RHP Paco Manuel
|
Batting: RHB Bastiaan Trommel
|
0-0: Called Strike 0-1: Foul Ball, location: 2F 0-2: Foul Ball, location: 2F 0-2: Foul Ball, location: 2F 0-2: Ball 1-2: SINGLE (Flyball, 89M)
|
Batting: SHB Silas Floyd
|
0-0: Ball 1-0: Ball Wild Pitch! Bastiaan Trommel to second 2-0: Ball 3-0: Called Strike 3-1: Base on Balls
|
Batting: LHB Jorge Pérez
|
0-0: Called Strike 0-1: Ball 1-1: Fly out, F7 (Flyball, 7)
|
Batting: RHB Giobbe Bastedo
|
0-0: Called Strike 0-1: SINGLE (Line Drive, 56) Bastiaan Trommel to third Silas Floyd to second Runner from 3rd tries for Home, SAFE, no throw
|
Batting: RHB Stanley van de Ven
|
0-0: Ball 1-0: Fielders Choice at 2nd, 6-4 (Groundball, 6) Silas Floyd to third
|
Batting: LHB Jacob Herman
|
0-0: Swinging Strike 0-1: Ball 1-1: Ball 2-1: Ball 3-1: SINGLE (Line Drive, 5D) Silas Floyd scores Stanley van de Ven to second
|
Batting: RHB Jeffery Campbell
|
0-0: Ball 1-0: Ball 2-0: Called Strike 2-1: Swinging Strike 2-2: Hit by Pitch Stanley van de Ven to third Jacob Herman to second
|
Batting: RHB Logan Cole
|
0-0: Ball 1-0: Swinging Strike 1-1: Fly out, F7 (Line Drive, 78M)
|
Bottom of the 2nd over - 2 runs, 3 hits, 0 errors, 3 left on base; Richland 0 - Mercer Island 2 |
TOP OF THE 3RD |
Richland Rails batting - Pitching for Mercer Island Screaming Eagles : RHP Victor Lustig
|
Batting: RHB León Preciado
|
0-0: Foul Ball, location: 2F 0-1: Ball 1-1: Called Strike 1-2: Ball 2-2: Ball 3-2: Foul Ball, location: 2F 3-2: Fly out, F9 (Flyball, 9)
|
Batting: RHB Christian Gentry
|
0-0: Ball 1-0: Ball 2-0: Ball 3-0: Base on Balls
|
Batting: LHB Alistair Mix
|
0-0: Ball 1-0: Foul Ball, location: 2F 1-1: Foul Ball, location: 2F 1-2: Ball 2-2: Foul Ball, location: 2F 2-2: Fielders Choice at 2nd, 6-4 (Groundball, 56)
|
Batting: RHB Alexandre Keeping
|
0-0: Ball Wild Pitch! Alistair Mix to second 1-0: Called Strike 1-1: Fly out, F9 (Flyball, 9S)
|
Top of the 3rd over - 0 runs, 0 hits, 0 errors, 1 left on base; Richland 0 - Mercer Island 2 |
BOTTOM OF THE 3RD |
Mercer Island Screaming Eagles batting - Pitching for Richland Rails : RHP Paco Manuel
|
Batting: SHB Ray Davis
|
0-0: Foul Ball, location: 2F 0-1: Ball 1-1: Ground out 4-3 (Groundball, 4S)
|
Batting: RHB Bastiaan Trommel
|
0-0: Ball 1-0: Called Strike 1-1: Ground out 3-1 (Groundball, 34)
|
Batting: SHB Silas Floyd
|
0-0: Ball 1-0: Ball 2-0: Called Strike 2-1: Foul Ball, location: 2F 2-2: SINGLE (Line Drive, 4MD)
|
Batting: LHB Jorge Pérez
|
0-0: Ball 1-0: Foul Ball, location: 2F 1-1: Foul Ball, location: 2F 1-2: Ball Silas Floyd steals 2nd base 2-2: Fly out, F4 (Popup, 4MS)
|
Bottom of the 3rd over - 0 runs, 1 hit, 0 errors, 1 left on base; Richland 0 - Mercer Island 2 |
TOP OF THE 4TH |
Richland Rails batting - Pitching for Mercer Island Screaming Eagles : RHP Victor Lustig
|
Batting: RHB Scott Ramsey
|
0-0: Ball 1-0: Ball 2-0: Ball 3-0: Called Strike 3-1: Called Strike 3-2: Base on Balls
|
Batting: SHB Jorge Colón
|
0-0: Swinging Strike 0-1: Swinging Strike 0-2: Strikes out looking
|
Batting: LHB Orlando Casillas
|
0-0: Called Strike 0-1: Ball 1-1: Grounds into double play, 6-4-3 (Groundball, 6)
|
Top of the 4th over - 0 runs, 0 hits, 0 errors, 0 left on base; Richland 0 - Mercer Island 2 |
BOTTOM OF THE 4TH |
Mercer Island Screaming Eagles batting - Pitching for Richland Rails : RHP Paco Manuel
|
Batting: RHB Giobbe Bastedo
|
0-0: SINGLE (Line Drive, 78M)
|
Batting: RHB Stanley van de Ven
|
0-0: Swinging Strike 0-1: Ball 1-1: Ball 2-1: Reached on error, E7 (Flyball, 7) Giobbe Bastedo to second
|
Batting: LHB Jacob Herman
|
0-0: Ball 1-0: Ball 2-0: Foul Ball, location: 2F 2-1: Ball 3-1: Fly out, F6 (Popup, 6)
|
Batting: RHB Jeffery Campbell
|
0-0: Called Strike 0-1: Swinging Strike 0-2: Ball 1-2: Fly out, F2 (Popup, 3SF)
|
Batting: RHB Logan Cole
|
0-0: Ball 1-0: Called Strike 1-1: Called Strike 1-2: Strikes out swinging
|
Bottom of the 4th over - 0 runs, 1 hit, 1 error, 2 left on base; Richland 0 - Mercer Island 2 |
TOP OF THE 5TH |
Richland Rails batting - Pitching for Mercer Island Screaming Eagles : RHP Victor Lustig
|
Batting: RHB Leon Carlisle
|
0-0: Called Strike 0-1: Ball 1-1: Swinging Strike 1-2: Strikes out looking
|
Batting: RHB Michael Bradshaw
|
0-0: Called Strike 0-1: Ball 1-1: Ball 2-1: Ball 3-1: Base on Balls
|
Batting: RHB León Preciado
|
0-0: Ball 1-0: Ball 2-0: Ball 3-0: Called Strike 3-1: Ground out 5-3 (Groundball, 25) Michael Bradshaw to second
|
Batting: RHB Christian Gentry
|
0-0: Ball 1-0: Ground out U3 (Groundball, 3L)
|
Top of the 5th over - 0 runs, 0 hits, 0 errors, 1 left on base; Richland 0 - Mercer Island 2 |
BOTTOM OF THE 5TH |
Mercer Island Screaming Eagles batting - Pitching for Richland Rails : RHP Paco Manuel
|
Batting: SHB Ray Davis
|
0-0: Foul Ball, location: 2F 0-1: Swinging Strike 0-2: Ball 1-2: Ball 2-2: Ball 3-2: Fly out, F4 (Popup, 4M)
|
Batting: RHB Bastiaan Trommel
|
0-0: Ground out 5-3 (Groundball, 56S)
|
Batting: SHB Silas Floyd
|
0-0: Called Strike 0-1: Called Strike 0-2: Ball 1-2: Ball 2-2: Ground out U3 (Groundball, 3)
|
Bottom of the 5th over - 0 runs, 0 hits, 0 errors, 0 left on base; Richland 0 - Mercer Island 2 |
TOP OF THE 6TH |
Richland Rails batting - Pitching for Mercer Island Screaming Eagles : RHP Victor Lustig
|
Batting: LHB Alistair Mix
|
0-0: Ball 1-0: Called Strike 1-1: Swinging Strike 1-2: Strikes out swinging
|
Batting: RHB Alexandre Keeping
|
0-0: Fly out, F7 (Flyball, 7LM)
|
Batting: RHB Scott Ramsey
|
0-0: Called Strike 0-1: Ball 1-1: Foul Ball, location: 2F 1-2: Ball 2-2: Ground out 6-3 (Groundball, 6)
|
Top of the 6th over - 0 runs, 0 hits, 0 errors, 0 left on base; Richland 0 - Mercer Island 2 |
BOTTOM OF THE 6TH |
Mercer Island Screaming Eagles batting - Pitching for Richland Rails : RHP Paco Manuel
|
Pitching: RHP Miguel Hernández
|
|
Batting: LHB Jorge Pérez
|
0-0: Ground out 4-3 (Groundball, 4M)
|
Batting: RHB Giobbe Bastedo
|
0-0: Ball 1-0: Called Strike 1-1: Foul Ball, location: 2F 1-2: SINGLE (Groundball, 56) (infield hit)
|
Batting: RHB Stanley van de Ven
|
0-0: Ball 1-0: Swinging Strike 1-1: SINGLE (Groundball, 2L) (infield hit) Giobbe Bastedo to second
|
Batting: LHB Jacob Herman
|
0-0: Called Strike Giobbe Bastedo steals 3rd base 0-1: Ball 1-1: Swinging Strike 1-2: TRIPLE (Line Drive, 9D) Giobbe Bastedo scores Stanley van de Ven scores
|
Pitching: RHP Hartmann Riedman
|
|
Batting: RHB Jeffery Campbell
|
0-0: DOUBLE (Groundball, 5L) Jacob Herman scores
|
Batting: RHB Logan Cole
|
0-0: Ground out 5-3 (Groundball, 56)
|
Batting: SHB Ray Davis
|
0-0: Ball 1-0: Called Strike 1-1: Ball 2-1: Foul Ball, location: 2F 2-2: Ground out U3 (Groundball, 3S)
|
Bottom of the 6th over - 3 runs, 4 hits, 0 errors, 1 left on base; Richland 0 - Mercer Island 5 |
TOP OF THE 7TH |
Richland Rails batting - Pitching for Mercer Island Screaming Eagles : RHP Victor Lustig
|
Batting: SHB Jorge Colón
|
0-0: Ball 1-0: Ball 2-0: Foul Ball, location: 2F 2-1: Ball 3-1: Fly out, F5 (Line Drive, 56)
|
Batting: LHB Orlando Casillas
|
0-0: Fly out, F7 (Flyball, 78M)
|
Batting: RHB Leon Carlisle
|
0-0: Ball 1-0: Ball 2-0: Ball 3-0: Base on Balls
|
Batting: RHB Michael Bradshaw
|
0-0: Ball 1-0: Ball 2-0: Foul Ball, location: 2F 2-1: DOUBLE (Flyball, 89D) Leon Carlisle to third Runner from 3rd tries for Home, SAFE, no throw
|
Batting: RHB León Preciado
|
0-0: DOUBLE (Groundball, 5L) Michael Bradshaw scores
|
Batting: RHB Christian Gentry
|
0-0: Fly out, F8 (Flyball, 8LD)
|
Top of the 7th over - 2 runs, 2 hits, 0 errors, 1 left on base; Richland 2 - Mercer Island 5 |
BOTTOM OF THE 7TH |
Mercer Island Screaming Eagles batting - Pitching for Richland Rails : RHP Hartmann Riedman
|
Batting: RHB Bastiaan Trommel
|
0-0: Called Strike 0-1: Swinging Strike 0-2: Strikes out swinging
|
Batting: SHB Silas Floyd
|
0-0: Ball 1-0: Ball 2-0: Foul Ball, location: 2F 2-1: Ball 3-1: Foul Ball, location: 2F 3-2: Foul Ball, location: 2F 3-2: SINGLE (Line Drive, 6MD)
|
Batting: LHB Jorge Pérez
|
0-0: Called Strike Silas Floyd steals 2nd base 0-1: Swinging Strike 0-2: Ball 1-2: Foul Ball, location: 2F 1-2: Ball 2-2: Foul Ball, location: 2F 2-2: Ground out 3-1 (Groundball, 34S) Silas Floyd to third
|
Batting: RHB Giobbe Bastedo
|
0-0: Foul Ball, location: 2F 0-1: Ball 1-1: Fly out, F9 (Flyball, 89D)
|
Bottom of the 7th over - 0 runs, 1 hit, 0 errors, 1 left on base; Richland 2 - Mercer Island 5 |
TOP OF THE 8TH |
Richland Rails batting - Pitching for Mercer Island Screaming Eagles : RHP Victor Lustig
|
Batting: LHB Alistair Mix
|
0-0: Ball 1-0: Swinging Strike 1-1: SINGLE (Groundball, 4MD)
|
Batting: RHB Alexandre Keeping
|
0-0: Called Strike 0-1: Foul Ball, location: 2F 0-2: Strikes out swinging
|
Batting: RHB Scott Ramsey
|
0-0: SINGLE (Groundball, 56D) Alistair Mix to second
|
Batting: SHB Jorge Colón
|
0-0: Called Strike 0-1: Grounds into double play, U5-3 (Groundball, 5L)
|
Top of the 8th over - 0 runs, 2 hits, 0 errors, 1 left on base; Richland 2 - Mercer Island 5 |
BOTTOM OF THE 8TH |
Mercer Island Screaming Eagles batting - Pitching for Richland Rails : RHP Hartmann Riedman
|
Batting: RHB Stanley van de Ven
|
0-0: Ball 1-0: Ball 2-0: Ball 3-0: Base on Balls
|
Batting: LHB Jacob Herman
|
0-0: Bunted foul 0-1: Bunted foul 0-2: Strikes out swinging
|
Batting: RHB Jeffery Campbell
|
0-0: Ball 1-0: Foul Ball, location: 2F 1-1: Foul Ball, location: 2F 1-2: Strikes out swinging
|
Batting: RHB Logan Cole
|
0-0: Called Strike Stanley van de Ven is caught stealing 2nd base
|
Bottom of the 8th over - 0 runs, 0 hits, 0 errors, 0 left on base; Richland 2 - Mercer Island 5 |
TOP OF THE 9TH |
Richland Rails batting - Pitching for Mercer Island Screaming Eagles : RHP Victor Lustig
|
Batting: LHB Orlando Casillas
|
0-0: Ball 1-0: Called Strike 1-1: Ball 2-1: Foul Ball, location: 2F 2-2: Ball 3-2: Strikes out looking
|
Pitching: RHP Jules Goux
|
|
Batting: RHB Leon Carlisle
|
0-0: Called Strike 0-1: Ball 1-1: Foul Ball, location: 2F 1-2: Strikes out looking
|
Batting: RHB Michael Bradshaw
|
0-0: Called Strike 0-1: Foul Ball, location: 2F 0-2: Ground out 4-3 (Groundball, 4S)
|
Top of the 9th over - 0 runs, 0 hits, 0 errors, 0 left on base; Richland 2 - Mercer Island 5 |
|